 Dungeon Crawl Stone Soup version 0.25-a0-578-gc91f01c39c (webtiles) character file.

Game seed: 14963281308029799543, levelgen mode: deterministic

104169 DerDa the Frost Mage (level 15, -4/112 HPs)
             Began as a Demonspawn Ice Elementalist on Mar 6, 2020.
             Was a Follower of Sif Muna.
             Killed from afar by Nikola (13 damage)
             ... with a chain lightning
             ... on level 1 of the Shoals on Mar 7, 2020.
             The game lasted 03:15:01 (38731 turns).

DerDa the Frost Mage (Demonspawn Ice Elementalist) Turns: 38731, Time: 03:15:02

Health: -4/112     AC:  8    Str: 11    XL:     15   Next: 91%
Magic:  0/31       EV: 24    Int: 22    God:    Sif Muna [*.....]
Gold:   427        SH:  0    Dex: 18    Spells: 4/38 levels left

rFire    + + .     SeeInvis +   H - +8 battleaxe "Wococs" {elec, Dex+4}
rCold    + . .     Gourm    .   (shield currently unavailable)
rNeg     + . .     Faith    .   I - +2 robe {rC+ rF+}
rPois    .         Spirit   +   B - +2 hat {SInv}
rElec    .         Reflect  .   b - scarf {cloud immunity}
rCorr    +         Harm     .   (no gloves)
MR       +....                  W - +1 pair of boots
Stlth    +.........             M - macabre finger necklace {rN+}
HPRegen  0.28/turn              z - +2 ring of strength
MPRegen  0.44/turn              d - ring of resist corrosion
                                Q - +5 ring of evasion

@: lethally poisoned (-4 -> -14), very slightly contaminated, studying Fire
Magic, very slow
A: horns 2, repulsion field 1, fire resistance 1, magic shield, magic
regeneration, magic link, flame cloud immunity
a: Channel Magic, Renounce Religion


You were on level 1 of the Shoals.
You worshipped Sif Muna.
Sif Muna was aware of your devotion.
You were very hungry.

You visited 5 branches of the dungeon, and saw 25 of its levels.
You visited the Abyss 1 time.
You also visited: Ossuary, Ice Cave and Volcano.

You collected 3350 gold pieces.
You spent 2923 gold pieces at shops.

Inventory:

Hand Weapons
 n - the +5 rapier of the Egg {vamp, rPois}
   (You found it on level 6 of the Lair of Beasts)

   It inflicts no extra harm, but heals its wielder when it wounds a living foe.
   It protects you from poison.
 H - the +8 battleaxe "Wococs" (weapon) {elec, Dex+4}
   (You found it on level 6 of the Dungeon)

   Occasionally, upon striking a foe, it will discharge some electrical energy
   and cause terrible harm.
   It affects your dexterity (+4).
 X - a +2 spear of venom
Missiles
 p - 179 bolts
 s - 199 sling bullets
 L - 35 poisoned darts (quivered)
Armour
 b - a scarf of cloud immunity (worn)
 B - a +2 hat of see invisible (worn)
 I - a +2 robe of resistance (worn)
 W - a +1 pair of boots (worn)
Jewellery
 d - a ring of resist corrosion (right hand)
 t - an uncursed ring of positive energy
 z - a +2 ring of strength (left hand)
 M - the macabre finger necklace (around neck) {rN+}
   (You found it on level 10 of the Dungeon)

   [amulet of nothing]

   It protects you from negative energy.
 Q - a +5 ring of evasion (on amulet)
 T - an uncursed ring of fire
Wands
 k - a wand of flame (9)
 A - a wand of enslavement (9)
 G - a wand of iceblast (25)
 Z - a wand of acid (6)
Scrolls
 a - 2 scrolls of magic mapping
 e - 4 scrolls of enchant armour
 g - 13 scrolls of teleportation
 h - 19 scrolls of remove curse
 i - 7 scrolls of enchant weapon
 j - 3 scrolls of fog
 m - 3 scrolls of immolation
 K - a scroll of silence
 R - 4 scrolls of torment
Potions
 f - 2 potions of resistance
 l - 5 potions of lignification
 q - 2 potions of flight
 r - 3 potions of might
 u - 4 potions of curing
 v - 4 potions of magic
 w - 2 potions of berserk rage
 x - 7 potions of brilliance
 D - a potion of invisibility
 F - 2 potions of haste
 O - 2 potions of stabbing
Books
 J - a manual of Fire Magic
Miscellaneous
 S - a sack of spiders
 V - a lamp of fire
Comestibles
 c - 27 rations


   Skills:
 + Level 8.8 Fighting
 - Level 4.0 Armour
 + Level 7.0 Dodging
 - Level 1.7 Stealth
 * Level 12.1 Spellcasting
 * Level 10.8 Conjurations
 - Level 5.0 Summonings
 - Level 5.0 Translocations
 + Level 0.5 Fire Magic
 * Level 12.3 Ice Magic
 + Level 6.9 Air Magic
 + Level 10.6 Invocations
 + Level 8.8 Evocations


You had 4 spell levels left.
You knew the following spells:

 Your Spells              Type           Power        Failure   Level  Hunger
a - Freeze                Ice            ####         1%          1    None
b - Frozen Ramparts       Ice            ######       1%          3    None
c - Ozocubu's Armour      Chrm/Ice       #####...     1%          3    None
d - Hailstorm             Conj/Ice       ######..     1%          4    None
e - Summon Ice Beast      Ice/Summ       ######..     1%          4    None
f - Ensorcelled Hibernat  Hex/Ice        #####.       1%          2    None
g - Freezing Cloud        Conj/Ice/Air   ######....   12%         6    #####..
h - Airstrike             Air            #####.....   2%          4    None
i - Fireball              Conj/Fire      #####.....   13%         5    ####...
q - Blink                 Tloc           N/A          1%          2    None

Your spell library contained the following spells:

 Spells                   Type           Power        Failure   Level  Hunger
 Apportation              Tloc           #####.       1%          1    None
 Magic Dart               Conj           ####         1%          1    None
 Shock                    Conj/Air       ####         1%          1    None
 Summon Butterflies       Summ           #####...     1%          1    None
 Summon Small Mammal      Summ           ####         1%          1    None
 Call Imp                 Summ           #####...     1%          2    None
 Corpse Rot               Necr/Air       N/A          1%          2    None
 Poisonous Vapours        Pois/Air       ####..       1%          2    None
 Swiftness                Chrm/Air       ####....     1%          2    None
 Call Canine Familiar     Summ           #####...     1%          3    None
 Conjure Flame            Conj/Fire      #####...     1%          3    None
 Dazzling Flash           Conj/Hex       #####.       1%          3    None
 Gell's Gravitas          Tloc           #####.....   1%          3    None
 Lesser Beckoning         Tloc           #####.....   1%          3    None
 Mephitic Cloud           Conj/Pois/Air  #####...     1%          3    None
 Recall                   Summ/Tloc      N/A          1%          3    None
 Static Discharge         Conj/Air       ######..     1%          3    None
 Animate Skeleton         Necr           N/A          4%          1    None
 Beastly Appendage        Tmut           ##....       4%          1    None
 Corona                   Hex            ##.....      4%          1    None
 Pain                     Necr           ##..         4%          1    None
 Summon Lightning Spire   Summ/Air       #####...     4%          4    None
 Summon Guardian Golem    Hex/Summ       ###.....     5%          3    None
 Slow                     Hex            ##......     8%          2    None
 Inner Flame              Hex/Fire       ##......     13%         3    None
 Confusing Touch          Hex            ##......     14%         3    None
 Tukima's Dance           Hex            ##......     14%         3    None
 Vampiric Draining        Necr           ##........   14%         3    None
 Animate Dead             Necr           N/A          43%         4    None
 Petrify                  Tmut/Erth      ##......     43%         4    None
 Lightning Bolt           Conj/Air       ######....   3%          5    ####...
 Metabolic Englaciation   Hex/Ice        #####.....   11%         5    ####...
 Silence                  Hex/Air        ####......   32%         5    ####...
 Agony                    Necr           ##......     80%         5    ####...
 Alistair's Intoxication  Tmut/Pois      ##......     80%         5    ####...
 Yara's Violent Unravell  Hex/Tmut       ##........   80%         5    ####...
 Malign Gateway           Summ/Tloc      #####.....   99%         7    #######
 Invisibility             Hex            ##......     100%        6    #####..
 Statue Form              Tmut/Erth      ##.......    100%        6    #####..
 Dragon Form              Tmut           ##........   100%        7    #######
 Ring of Flames           Chrm/Fire      ##........   100%        7    #######


Dungeon Overview and Level Annotations

Branches:
Dungeon (15/15)            Temple (1/1) D:5            Lair (6/6) D:9
 Shoals (1/4) Lair:3       Spider (0/4) Lair:4        Slime (0/5) Lair:5
    Orc (2/2) D:10            Elf (0/3) Orc:2        Vaults (0/5) D:13
Ossuary (visited)           IceCv (visited)         Volcano (visited)
 Depths: D:15

Altars:
Ashenzari
Cheibriados
Dithmenos
Elyvilon
Fedhas
Gozag
Hepliaklqana
Kikubaaqudgha
Makhleb
Nemelex Xobeh
Okawaru
Qazlal
Ru
Sif Muna
Trog
Uskayaw
Vehumet
Wu Jian
Xom
Yredelemnul
Zin
The Shining One
Beogh
Jiyva

Shops:
D:4 [   D:7 *   D:11 %   Orc:2 }(!?:

Annotations:
D:11 Josephine
D:15 Louise
Shoals:1 Nikola
Orc:1 3 runed translucent doors, Cakyteerghy's ghost, journeyman MiFi


Innate Abilities, Weirdness & Mutations

You have a pair of horns on your head.
You are surrounded by a mild repulsion field. (EV +2)
Your flesh is heat resistant. (rF+)
When hurt, damage is shared between your health and your magic reserves.
You regenerate magic rapidly.
When low on magic, you restore magic in place of health.
You are immune to clouds of flame.


Message History

You hear a mighty clap of thunder!
The lightning arc hits the merfolk!!!
The lightning arc hits the merfolk impaler!!
The lightning arc hits the harpy!!
The lightning arc hits the merfolk impaler!!
The lightning arc hits the harpy!!
The harpy dies!
The lightning arc hits the merfolk impaler!!
You hear a shout! x3
* * * LOW HITPOINT WARNING * * *
You feel very sick.
* * * LOW HITPOINT WARNING * * *
You feel very sick.
Nikola casts a spell.
You hear a mighty clap of thunder!
The lightning arc hits the merfolk!!!
The merfolk dies!
You hear a splash.
The lightning arc hits Nikola.
The lightning arc hits you!!
You die...

≈≈≈≈≈≈≈≈≈..#
≈≈≈≈≈≈≈≈≈≈≈..≈≈≈≈≈..##
(.≈≈≈≈≈≈≈≈....≈≈≈≈...
≈..≈≈.≈≈≈≈≈>...≈m≈..#
......≈.≈≈≈≈≈##...≈≈≈.# # ..
#.$..≈≈≈≈≈.≈≈.##......###.
≈.###≈#.≈≈≈≈≈≈≈≈≈≈≈m..........
≈≈..≈...≈≈..≈≈≈≈≈....†........
≈≈...≈≈≈≈≈...@≈).m...##...≈.≈.
≈≈....≈....%.≈≈≈@....###.≈≈≈≈≈
≈≈........≈≈≈≈≈≈≈≈≈..###.≈≈≈≈≈
≈≈.......<≈≈≈≈≈≈≈≈..$.≈≈≈≈≈≈≈≈
..###...≈≈≈≈≈≈≈≈.≈≈≈†..≈≈≈≈≈
#...≈)≈≈≈≈≈≈≈..≈≈..≈≈≈≈≈
#÷.≈)≈≈≈≈≈≈..?......≈≈≈≈
#....≈≈≈≈≈≈≈.........≈≈≈.
.......≈≈≈≈.≈≈≈............


You could see Nikola, a merfolk impaler and a merfolk.

Vanquished Creatures
  Rupert (D:14)
  Jorgrun (D:14)
  A stone giant (Orc:1)
  Azrael (Orc:1)
  4 ogre magi
  10 hydras
  3 centaur warriors
  18 two-headed ogres
  2 dancing weapons (D:13)
  A death knight (D:14)
  Urug (D:13)
  3 unseen horrors
  2 skeletal warriors
  2 deep trolls
  A flayed ghost (D:15)
  3 lindwurms
  2 orc knights
  Pikel (D:7)
  4 orc sorcerers
  A shining eye (shapeshifter) (D:15)
  9 ugly things (D:14)
  4 cyclopes
  2 manticores
  A merfolk siren (Lair:3)
  2 ice statues (IceCv)
  2 black mambas
  2 torpor snails
  5 molten gargoyles (Volcano)
  3 rime drakes
  7 spiny frogs
  6 centaur skeletons
  2 freezing wraiths (D:14)
  3 komodo dragons
  A komodo dragon (shapeshifter) (D:13)
  An efreet (Volcano)
  10 trolls
  An ancient zyme (Orc:2)
  8 polar bears (Lair:6)
  2 hornets
  4 merfolk
  3 dream sheep (Lair:5)
  A large abomination (Orc:2)
  A raiju (Lair:6)
  8 slime creatures
  19 blink frogs
  7 hippogriffs
  A meliai zombie (D:14)
  A centaur simulacrum (D:15)
  33 yaks
  A water elemental (Shoals:1)
  A basilisk (D:15)
  7 wraiths
  5 wyverns
  4 hogs (D:7)
  3 hungry ghosts
  12 fire elementals
  A neqoxec (Abyss:2)
  A human (D:7)
  2 vampire mosquitoes (D:15)
  A soldier ant (D:14)
  4 wargs
  2 acid dragons
  6 water moccasins
  12 hell hounds
  11 porcupines
  2 sky beasts
  A hornet zombie (D:13)
  5 phantoms
  18 orc warriors
  9 black bears
  4 slaves (D:7)
  28 ogres
  28 ice beasts
  25 wolves
  12 centaurs
  11 crocodiles
  3 big kobolds
  A gnoll sergeant (D:13)
  15 bullfrogs
  A wyvern zombie (D:14)
  6 scorpions
  A small abomination (Orc:2)
  13 killer bees
  12 wights
  5 howler monkeys
  2 electric eels
  5 centaur zombies
  8 crimson imps
  7 hounds
  2 bullfrog zombies (D:6)
  5 starcursed masses (Lair:3)
  An iron imp (D:7)
  3 jellies
  4 bullfrog skeletons
  15 orc priests
  5 iguanas
  12 orc wizards
  6 worker ants
  8 mummies (Ossuary)
  A hound skeleton (D:9)
  A worker ant zombie (D:10)
  12 adders
  8 gnolls
  4 shadow imps
  2 oozes
  3 adder skeletons
  2 worms
  3 dart slugs
  8 leopard geckos
  49 orcs
  8 bats
  2 giant cockroaches
  2 gnoll zombies (Ossuary)
  8 goblins
  7 hobgoblins
  3 jackals (D:1)
  18 kobolds
  6 quokkas
  2 ball pythons (D:3)
  4 frilled lizards
  A goblin zombie (D:7)
  7 hobgoblin zombies
  A jackal skeleton (D:3)
  A jackal zombie (D:8)
  A kobold skeleton (D:7)
  3 kobold zombies
  A leopard gecko zombie (D:6)
  An orc skeleton (D:7)
  2 orc zombies
  A quokka skeleton (D:7)
  7 rats
  A fire vortex (Volcano)
  6 fungi
  5 plants (Lair:6)
758 creatures vanquished.

Vanquished Creatures (collateral kills)
  2 two-headed ogres
  A phantasmal warrior (D:15)
  An orc knight (Orc:1)
  A spiny frog (Lair:3)
  An efreet (Volcano)
  A polar bear (Lair:6)
  A hornet (Lair:4)
  A blink frog (Lair:5)
  A hippogriff (D:8)
  A raiju (Lair:6)
  8 dream sheep
  A yak (Lair:2)
  5 basilisks
  A warg (Lair:6)
  5 hell hounds (Lair:6)
  2 ogres
  An orc warrior (Orc:1)
  3 black bears (Lair:6)
  A sky beast (D:9)
  6 wolves
  A bullfrog (Lair:4)
  An earth elemental (Volcano)
  A scorpion (Lair:4)
  A wight (D:15)
  A worker ant (Lair:4)
  An orc (Orc:2)
  A giant cockroach (Lair:4)
  A quokka skeleton (D:9)
  A plant (Lair:6)
53 creatures vanquished.

Vanquished Creatures (others)
  A sea snake (Shoals:1)
  A harpy (Shoals:1)
  A merfolk (Shoals:1)
  A quokka (D:2)
  19 fungi
  21 plants
  2 withered plants (D:15)
46 creatures vanquished.

Grand Total: 857 creatures vanquished

Notes
Turn   | Place    | Note
-------+----------+-------------------------------------------
     0 | D:1      | DerDa the Demonspawn Ice Elementalist began the quest for
                  | the Orb.
     0 | D:1      | Reached XP level 1. HP: 13/13 MP: 3/3
   409 | D:1      | Gained mutation: When hurt, damage is shared between your
                  | health and your magic reserves. [demonic ancestry]
   409 | D:1      | Reached XP level 2. HP: 19/19 MP: 0/5
   929 | D:1      | Gained mutation: You have a pair of small horns on your
                  | head. [demonic ancestry]
   929 | D:1      | Reached XP level 3. HP: 19/24 MP: 0/7
  1341 | D:2      | Found a white marble altar of Elyvilon.
  1588 | D:2      | Learned a level 3 spell: Frozen Ramparts
  1592 | D:2      | Learned a level 3 spell: Ozocubu's Armour
  1712 | D:2      | Gained mutation: Your flesh is heat resistant. (rF+)
                  | [demonic ancestry]
  1712 | D:2      | Reached XP level 4. HP: 30/30 MP: 2/8
  2200 | D:2      | Found a blossoming altar of Fedhas.
  2724 | D:3      | Reached XP level 5. HP: 35/35 MP: 6/10
  3069 | D:4      | Found Unekh's Antique Armour Boutique.
  3088 | D:4      | Reached skill level 5 in Ice Magic
  3127 | D:4      | Noticed a phantom
  3193 | D:4      | Found a sand-covered staircase.
  3198 | Ossuary  | Entered an ossuary
  3345 | Ossuary  | Learned a level 4 spell: Hailstorm
  3724 | Ossuary  | Reached XP level 6. HP: 16/42 MP: 2/12
  4620 | D:4      | HP: 1/42 [ogre/+0 giant club (14)]
  4985 | D:3      | Reached skill level 1 in Fighting
  4985 | D:3      | Reached skill level 1 in Armour
  4985 | D:3      | Reached skill level 1 in Conjurations
  5574 | D:4      | Found a sparkling altar of Nemelex Xobeh.
  5574 | D:4      | Found a glowing silver altar of Zin.
  5592 | D:5      | Entered Level 5 of the Dungeon
  5612 | D:5      | Gained mutation: You regenerate magic rapidly. [demonic
                  | ancestry]
  5612 | D:5      | Reached XP level 7. HP: 48/48 MP: 7/13
  5790 | D:5      | Found a staircase to the Ecumenical Temple.
  5799 | Temple   | Entered the Ecumenical Temple
  5903 | Temple   | Became a worshipper of Sif Muna the Loreminder
  6068 | D:5      | Reached skill level 1 in Evocations
  6247 | D:5      | Reached skill level 5 in Spellcasting
  6509 | D:5      | Gained mutation: You have a pair of horns on your head.
                  | [demonic ancestry]
  6509 | D:5      | Reached XP level 8. HP: 48/56 MP: 7/15
  6546 | D:5      | Reached * piety under Sif Muna
  6797 | D:6      | Noticed a hippogriff
  6832 | D:5      | Killed a hippogriff
  6832 | D:5      | Reached skill level 1 in Invocations
  6838 | D:5      | Learned a level 4 spell: Summon Ice Beast
  7193 | D:6      | Reached skill level 1 in Summonings
  7514 | D:6      | Got a translucent battleaxe
  7515 | D:6      | Identified the +8 battleaxe "Wococs" {elec, Dex+4} (You
                  | found it on level 6 of the Dungeon)
  7824 | D:6      | Found a hide-covered altar of Uskayaw.
  7865 | D:6      | Gained mutation: When low on magic, you restore magic in
                  | place of health. [demonic ancestry]
  7865 | D:6      | Reached XP level 9. HP: 46/64 MP: 1/18
  8100 | D:7      | Noticed Pikel
  8113 | D:7      | Killed Pikel
  8295 | D:7      | Found Faneisae's Elemental Accessories.
  8509 | D:7      | Reached ** piety under Sif Muna
  8510 | D:7      | Found a glowing golden altar of the Shining One.
  8561 | D:7      | Found a burning altar of Makhleb.
  8689 | D:7      | Reached XP level 10. HP: 49/71 MP: 16/20
  9458 | D:8      | Found a radiant altar of Vehumet.
  9459 | D:8      | Noticed a two-headed ogre
  9694 | D:8      | Found a radiant altar of Vehumet.
  9749 | D:8      | Reached *** piety under Sif Muna
 10107 | D:8      | Killed a two-headed ogre
 10208 | D:8      | Reached skill level 5 in Invocations
 10702 | D:9      | Found a staircase to the Lair.
 11393 | D:10     | Entered Level 10 of the Dungeon
 11665 | D:10     | Noticed a four-headed hydra
 11699 | D:10     | Killed a four-headed hydra
 11699 | D:10     | Reached skill level 5 in Fighting
 11699 | D:10     | Reached skill level 5 in Conjurations
 11699 | D:10     | Gained mutation: You are immune to clouds of flame.
                  | [demonic ancestry]
 11699 | D:10     | Reached XP level 11. HP: 79/79 MP: 9/23
 11877 | D:10     | Found the macabre finger necklace {rN+}
 12177 | D:10     | Noticed a two-headed ogre
 12184 | D:10     | Killed a two-headed ogre
 12184 | D:10     | Reached skill level 5 in Evocations
 12221 | D:10     | Found a staircase to the Orcish Mines.
 12798 | D:11     | Noticed a five-headed hydra
 12808 | D:11     | Killed a five-headed hydra
 12874 | D:11     | HP: 4/120 [centaur (4)]
 13260 | D:11     | Learned a level 2 spell: Ensorcelled Hibernation
 13278 | D:11     | Learned a level 6 spell: Freezing Cloud
 13285 | D:11     | Reached **** piety under Sif Muna
 13555 | D:11     | Noticed Josephine
 13765 | D:11     | Found Zyudaphu's Food Emporium.
 14141 | Lair:1   | Entered Level 1 of the Lair of Beasts
 15257 | Lair:1   | Reached skill level 5 in Summonings
 15689 | Lair:2   | Reached skill level 1 in Air Magic
 16124 | Lair:2   | Reached XP level 12. HP: 87/87 MP: 20/25
 17688 | Lair:3   | Found a staircase to the Shoals.
 17698 | Lair:3   | Reached ***** piety under Sif Muna
 17720 | Lair:3   | Received a gift from Sif Muna
 17858 | Lair:3   | Noticed a five-headed hydra
 17888 | Lair:3   | Killed a five-headed hydra
 18743 | Lair:4   | Learned a level 2 spell: Blink
 18831 | Lair:4   | Found a hole to the Spider Nest.
 19833 | Lair:4   | Reached skill level 10 in Ice Magic
 19862 | Lair:5   | Reached skill level 1 in Translocations
 20105 | Lair:5   | Found a staircase to the Slime Pits.
 20105 | Lair:5   | Found a viscous altar of Jiyva.
 20566 | Lair:5   | Noticed a seven-headed hydra
 20578 | Lair:5   | Killed a seven-headed hydra
 20675 | Lair:5   | Noticed a seven-headed hydra
 20687 | Lair:5   | Killed a seven-headed hydra
 21095 | Lair:5   | Reached XP level 13. HP: 67/95 MP: 20/26
 21443 | Lair:6   | Entered Level 6 of the Lair of Beasts
 21589 | Lair:6   | Reached skill level 10 in Spellcasting
 21593 | Lair:6   | Reached skill level 5 in Dodging
 23102 | Lair:6   | Identified Sif Muna's Guide on Fire and the Birds (Sif Muna
                  | gifted it to you on level 6 of the Lair of Beasts)
 23102 | Lair:6   | Received a gift from Sif Muna
 24336 | Lair:6   | Got a crude rapier
 25165 | Orc:1    | Entered Level 1 of the Orcish Mines
 25247 | Orc:1    | Found a dark tunnel.
 25362 | Volcano  | Entered a volcano
 25924 | Orc:2    | Entered Level 2 of the Orcish Mines
 25937 | Orc:2    | Reached skill level 5 in Air Magic
 26395 | Orc:2    | Gained mutation: You are surrounded by a mild repulsion
                  | field. (EV +2) [demonic ancestry]
 26395 | Orc:2    | Reached XP level 14. HP: 103/103 MP: 19/28
 26398 | Orc:2    | Noticed Azrael
 26419 | Orc:1    | Killed Azrael
 26918 | Orc:2    | Noticed a stone giant
 27377 | D:12     | Found a frozen archway.
 27398 | IceCv    | Entered an ice cave
 27423 | IceCv    | Identified Sif Muna's Grimoire of Moulding and Heat (Sif
                  | Muna gifted it to you in an ice cave)
 27423 | IceCv    | Received a gift from Sif Muna
 28522 | D:12     | Identified the +5 rapier of the Egg {vamp, rPois} (You
                  | found it on level 6 of the Lair of Beasts)
 28642 | D:12     | Found a roughly hewn altar of Beogh.
 29461 | D:13     | Found a gate to the Vaults.
 29687 | D:13     | Noticed Urug
 29702 | D:13     | Killed Urug
 29891 | D:13     | Learned a level 4 spell: Airstrike
 30040 | D:14     | Received a gift from Sif Muna
 30055 | D:14     | Noticed Rupert
 30932 | D:14     | Noticed Jorgrun
 30939 | D:14     | Killed Jorgrun
 31652 | D:14     | Killed Rupert
 31652 | D:14     | Reached skill level 10 in Conjurations
 31652 | D:14     | Reached XP level 15. HP: 86/110 MP: 18/30
 31774 | D:14     | You fall into a shaft and drop 1 floor!
 31774 | D:15     | Entered Level 15 of the Dungeon
 31775 | D:15     | Noticed Louise
 32259 | D:15     | Reached skill level 10 in Invocations
 32635 | D:15     | Identified Sif Muna's Compendium of Ensnaring Creation (Sif
                  | Muna gifted it to you on level 15 of the Dungeon)
 32635 | D:15     | Received a gift from Sif Muna
 33359 | D:15     | Reached skill level 5 in Translocations
 33572 | D:15     | Cast into level 2 of the Abyss (Louise)
 33626 | Abyss:2  | Found a corrupted altar of Lugonu.
 34286 | Abyss:2  | Found a corrupted altar of Lugonu.
 34330 | Abyss:2  | Fell from the grace of Sif Muna
 34330 | Abyss:2  | Became a worshipper of Lugonu the Unformed
 34330 | Abyss:2  | Reached * piety under Lugonu
 34331 | D:15     | Escaped the Abyss
 35268 | Temple   | Fell from the grace of Lugonu
 35268 | Temple   | Became a worshipper of Sif Muna the Loreminder
 36024 | Orc:2    | HP: 4/89 [two-headed ogre/+0 giant club (6)]
 36923 | Orc:2    | Found Gisam's Gadget Boutique.
 36928 | Orc:2    | Found Plog's Antique Weapon Shoppe.
 36952 | Orc:2    | Found Qyucibih's Distillery.
 36974 | Orc:2    | Found Qakyvifus's Magic Scroll Shop.
 36996 | Orc:2    | Bought a scroll of identify for 32 gold pieces
 36996 | Orc:2    | Bought a scroll of identify for 32 gold pieces
 36996 | Orc:2    | Bought a scroll of acquirement for 832 gold pieces
 36996 | Orc:2    | Bought a scroll of blinking for 120 gold pieces
 36996 | Orc:2    | Bought a scroll of immolation for 56 gold pieces
 36996 | Orc:2    | Bought a scroll of fear for 56 gold pieces
 37012 | Orc:2    | Bought a potion of haste for 150 gold pieces
 37568 | Orc:2    | Found a staircase to the Elven Halls.
 37613 | Orc:2    | Found Sapaasach's Book Emporium.
 37981 | Orc:1    | Found a runed translucent gate.
 37981 | Orc:1    | Found a runed translucent gate.
 37981 | Orc:1    | Found a runed translucent gate.
 37981 | Orc:1    | Noticed Cakyteerghy's ghost (journeyman MiFi)
 38069 | Orc:1    | Found an iron altar of Okawaru.
 38178 | Orc:2    | Bought a manual of Fire Magic for 1435 gold pieces
 38223 | Orc:2    | Bought a steaming dagger for 210 gold pieces
 38228 | Orc:2    | Identified the +8 dagger of Dismemberment {freeze, rN+}
                  | (You bought it in a shop on level 2 of the Orcish Mines)
 38239 | Orc:2    | Learned a level 5 spell: Fireball
 38622 | Shoals:1 | Entered Level 1 of the Shoals
 38711 | Shoals:1 | Noticed Nikola
 38731 | Shoals:1 | Killed from afar by Nikola

Levels and vault maps discovered:
D:1:      psy_arrival_fountain, layout_rooms
D:2:      layout_basic, lemuel_doored_altar, hangedman_decor_growths,
          elyvilon_altar_4
D:3:      layout_rooms, first_ration
D:4:      layout_rooms, gammafunk_temple_overflow_pools, enter_ossuary_5,
          serial_shops, nicolae_shop_overgrown_old_shop, hex_tiny
D:5:      layout_gridville, minmay_temple_entry_wispy
D:6:      layout_rooms, marbit_many_paths, kennysheep_flooded_box
D:7:      layout_basic, nicolae_tso_besieged_by_evil, basic_altar,
          grunt_ministairs_15, nicolae_elemental_shop, st_stairs_8,
          grunt_livestock, uniq_pikel
D:8:      layout_basic, vehumet_crystals, basic_altar
D:9:      layout_stronghold, lair_entry_dummy
D:10:     layout_layer_cave, orc_0_dummy
D:11:     layout_irregular_city, serial_shops, shop, uniq_josephine
D:12:     layout_roguey [special_room_orc], portal_ice_cave_entry_ice_beasts
D:13:     layout_roguey, erik_vaults_1, uniq_urug
D:14:     layout_basic, chequers_serial_rivers_marsh, minmay_misc_feat_hallway,
          uniq_rupert, uniq_jorgrun
D:15:     gammafunk_depths_entry_grave, layout_layer_cave,
          chequers_serial_rivers_micro_a, minmay_mirror_moons_of_madness,
          uniq_louise
Temple:   regret_index_temple_sphere_string
Lair:1:   layout_cave_pods, infiniplex_staircase_pool, grunt_megastairs_2
Lair:2:   layout_regular_city, grunt_megastairs_4, lemuel_fruit_fields,
          lemuel_fruit_fields
Lair:3:   layout_small_grid, elwin_shoals_entry_stream,
          grunt_forest_stairs_basic
Lair:4:   layout_roguey, nicolae_spider_entry_non_spiders
Lair:5:   layout_loops_ring, slime_altar_1
Lair:6:   hangedman_lair_caniforms_friends, layout_cave_pods
Shoals:1: cheibrodos_shoals_gigantism, layout_shoals, lemuel_oklob_altar,
          uniq_nikola
Orc:1:    layout_caves, lightli_volcano_entry_magma_tube,
          gammafunk_ghost_fury_of_okawaru
Orc:2:    st_orc_open, layout_caves, serial_shops, nicolae_shop_behind_doors,
          uniq_azrael

Skill      XL: |  1  2  3  4  5  6  7  8  9 10 11 12 13 14 15 |
---------------+----------------------------------------------+-----
Ice Magic      | 4 5 6 7 8 9 10 11 12 | 12.3
Spellcasting   | 3 4 5 6 7 8 9 10 11 12 | 12.1
Fighting       | 1 2 3 4 5 6 7 8 |  8.8
Armour         | 1 2 3 4 |  4.0
Conjurations   | 1 2 3 4 5 6 7 8 10 | 10.8
Evocations     | 1 2 3 4 5 6 7 8 |  8.8
Invocations    | 2 4 5 6 8 9 10 | 10.6
Summonings     | 1 3 4 5 |  5.0
Dodging        | 2 4 5 6 7 |  7.0
Air Magic      | 1 3 5 6 |  6.9
Translocations | 1 3 4 5 |  5.0
Stealth        | |  1.7
Fire Magic     | |  0.5

Action                   |  1- 3 |  4- 6 |  7- 9 | 10-12 | 13-15 || total
-------------------------+-------+-------+-------+-------+-------++-------
Melee: Unarmed           |     9 |       |       |       |       ||     9
       Club              |     4 |       |       |       |       ||     4
       Whip              |     2 |   110 |       |    23 |       ||   135
       Headbutt          |     1 |    19 |    17 |    43 |   123 ||   203
       Long sword        |       |    12 |    35 |       |       ||    47
       Battleaxe         |       |       |    81 |   289 |   588 ||   958
       Short sword       |       |       |       |     6 |       ||     6
       Great sword       |       |       |       |       |     4 ||     4
Throw: Stone             |       |     5 |    17 |     4 |       ||    26
       Dart              |       |       |       |     2 |    12 ||    14
 Cast: Freeze            |    70 |    60 |    82 |   149 |    33 ||   394
       Ozocubu's Armour  |       |    15 |    17 |    64 |    78 ||   174
       Frozen Ramparts   |       |    14 |    17 |    27 |     6 ||    64
       Hailstorm         |       |       |     6 |    40 |   125 ||   171
       Summon Ice Beast  |       |       |       |    47 |    72 ||   119
       Ensorcelled Hiber |       |       |       |     2 |     3 ||     5
       Freezing Cloud    |       |       |       |       |    77 ||    77
       Blink             |       |       |       |       |     9 ||     9
       Airstrike         |       |       |       |       |     5 ||     5
Invok: Channel Magic     |       |       |       |       |     7 ||     7
       Depart the Abyss  |       |       |       |       |     1 ||     1
Evoke: Wand              |       |       |       |       |     1 ||     1
       Sack of spiders   |       |       |       |       |     1 ||     1
  Use: Potion            |     1 |     3 |       |     8 |     6 ||    18
       Scroll            |       |     9 |     5 |    16 |    25 ||    55
 Stab: Sleeping          |       |       |       |     5 |     4 ||     9
       Distracted        |       |       |       |     3 |     2 ||     5
  Eat: Chunk             |     3 |     5 |     6 |    43 |    54 ||   111
       Ration            |       |     3 |     2 |     1 |    11 ||    17
Armor: Robe              |    27 |    25 |    41 |   166 |   229 ||   488
       Skin              |       |       |       |    48 |       ||    48
Dodge: Dodged            |    64 |    80 |   122 |   457 |  1193 ||  1916
       Rpst.: Long sword |       |     1 |    10 |       |       ||    11

Table legend:
 A = Non-vault XP
 B = Vault XP
 C = Vault XP percentage of total XP
 D = Non-vault monster count
 E = Vault monster count
 F = Vault count percentage of total count
                 A         B        C        D         E       F
            +---------+---------+-------+---------+---------+-------
      Total |   93084 |   55730 |  37.4 |     549 |     238 |  30.2
            +---------+---------+-------+---------+---------+-------
        D:1 |      58 |       0 |   0.0 |      28 |       0 |   0.0
        D:2 |      89 |       0 |   0.0 |      19 |       0 |   0.0
        D:3 |     204 |       0 |   0.0 |      21 |       0 |   0.0
        D:4 |     202 |       0 |   0.0 |       6 |       0 |   0.0
        D:5 |    1300 |       0 |   0.0 |      32 |       0 |   0.0
        D:6 |     884 |       0 |   0.0 |      16 |       0 |   0.0
        D:7 |    1170 |    1846 |  61.2 |      17 |      20 |  54.1
        D:8 |    2400 |       0 |   0.0 |      25 |       0 |   0.0
        D:9 |     713 |       0 |   0.0 |      15 |       0 |   0.0
       D:10 |    3607 |       0 |   0.0 |      24 |       0 |   0.0
       D:11 |    4690 |     621 |  11.7 |      40 |       3 |   7.0
       D:12 |    1426 |    2081 |  59.3 |      13 |      34 |  72.3
       D:13 |    7470 |    2567 |  25.6 |      31 |       3 |   8.8
       D:14 |   16708 |    6280 |  27.3 |      45 |       2 |   4.3
       D:15 |   16019 |    3859 |  19.4 |      37 |       9 |  19.6
     Lair:1 |    1794 |     179 |   9.1 |      13 |       2 |  13.3
     Lair:2 |    4262 |      85 |   2.0 |      24 |       1 |   4.0
     Lair:3 |    4757 |    1359 |  22.2 |      21 |       4 |  16.0
     Lair:4 |    1563 |     353 |  18.4 |      11 |       8 |  42.1
     Lair:5 |    7919 |     166 |   2.1 |      25 |       1 |   3.8
     Lair:6 |    8650 |    8621 |  49.9 |      36 |      55 |  60.4
   Shoals:1 |    1778 |       0 |   0.0 |       4 |       0 |   0.0
      Orc:1 |    3179 |    5469 |  63.2 |      22 |       8 |  26.7
      Orc:2 |    1844 |   13466 |  88.0 |      22 |      37 |  62.7
    Abyss:2 |     398 |       0 |   0.0 |       2 |       0 |   0.0
    Ossuary |       0 |     154 | 100.0 |       0 |      16 | 100.0
      IceCv |       0 |    3393 | 100.0 |       0 |      18 | 100.0
    Volcano |       0 |    5231 | 100.0 |       0 |      17 | 100.0
            +---------+---------+-------+---------+---------+-------
